 Dungeon Crawl Stone Soup version 0.29-a0-359-g541a27f54d (webtiles) character file.

Game seed: 1729283606929701336

51 YayAnonymity the Grave Robber (level 3, 0/24 HPs)
             Began as a Demonspawn Necromancer on Apr 28, 2022.
             Slain by an adder (2 damage)
             ... on level 2 of the Dungeon.
             The game lasted 00:02:27 (1372 turns).

YayAnonymity the Grave Robber (DsNe)                Turns: 1372, Time: 00:02:28

Health: 0/24       AC:  3    Str:  8    XL:     3   Next: 57%
Magic:  0/7        EV: 11    Int: 18    God:
Gold:   43         SH:  4    Dex: 13    Spells: 6/8 levels left

rFire   . . .      SeeInvis .   d - +0 war axe
rCold   . . .      Faith    .   (no shield)
rNeg    . . .      Spirit   .   f - +0 leather armour
rPois   .          Reflect  .   (no helmet)
rElec   .          Harm     .   (no cloak)
rCorr   .          Rampage  .   (no gloves)
Will    .....                   (no boots)
Stlth   ++........              (no amulet)
HPRegen 0.08/turn               (no ring)
MPRegen 0.10/turn               (no ring)

@: lethally poisoned (0 -> -2)
A: condensation shield
a: no special abilities


You were on level 2 of the Dungeon.
You visited 1 branch of the dungeon, and saw 2 of its levels.

You collected 43 gold pieces.

Inventory:

Hand Weapons
 d - a +0 war axe (weapon)
Armour
 f - a +0 leather armour (worn)
Scrolls
 g - 3 scrolls of enchant weapon {unknown}
 h - a scroll of identify {unknown}
 i - a scroll of enchant armour {unknown}
 k - a scroll of magic mapping {unknown}
 l - a scroll of teleportation {unknown}
 n - a scroll of noise {unknown}
Potions
 a - a potion of invisibility {unknown}
 b - a potion of magic
 c - a potion of mutation {unknown}
 e - 5 potions of curing {unknown}
 j - a potion of lignification {unknown}
 m - a potion of attraction {unknown}


   Skills:
 - Level 1.7 Dodging
 - Level 1.7 Stealth
 - Level 3.0 Spellcasting
 + Level 5.2 Necromancy


You had 6 spell levels left.
You knew the following spells:

 Your Spells              Type           Power      Damage    Failure   Level
a - Pain                  Necr           84%        1d8       2%          1
b - Animate Skeleton      Necr           42%        N/A       2%          1

Your spell library contained the following spells:

 Spells                   Type           Power      Damage    Failure   Level
 Vampiric Draining        Necr           21%        2d7       9%          3
 Animate Dead             Necr           10%        N/A       28%         4
 Agony                    Necr           21%        N/A       61%         5


Dungeon Overview and Level Annotations

Branches:
Dungeon (2/15)

Altars:


Innate Abilities, Weirdness & Mutations

A meltable shield of frost defends you. (SH +4)


Message History

You miss the adder. The adder barely misses you.
The adder bites you but does no damage. The adder barely misses you.
The adder bites you.
Casting: Pain (safe; 3% risk of failure)
Confirm with . or Enter, or press ? or * to list all spells.
Aiming: Pain (safe; 3% risk of failure)
Press: ? - help, Shift-Dir - straight line, f/p - adder
Aim: an adder (severely wounded, chance to affect: 85%)
The adder writhes in agony.
The adder misses you. The adder closely misses you.
Casting: Pain (safe; 3% risk of failure)
Confirm with . or Enter, or press ? or * to list all spells.
Aiming: Pain (safe; 3% risk of failure)
Press: ? - help, Shift-Dir - straight line, f/p - adder
Aim: an adder (almost dead, chance to affect: 85%)
The adder writhes in agony.
You kill the adder!
The adder bites you. The adder barely misses you.
Training target 3.0 for Spellcasting reached!
Your Spellcasting skill increases to level 3!
You barely miss the adder.
The adder is lightly wounded.
The adder misses you. The adder bites you.
You are poisoned.
The adder poisons you!
Casting: Pain (safe; 2% risk of failure)
Confirm with . or Enter, or press ? or * to list all spells.
Aiming: Pain (safe; 2% risk of failure)
Press: ? - help, Shift-Dir - straight line, f - adder
Aim: an adder (lightly wounded, chance to affect: 85%)
The adder writhes in agony.
You feel sick. The adder bites you.
* * * LOW HITPOINT WARNING * * *
Casting: Pain (safe; 2% risk of failure)
Confirm with . or Enter, or press ? or * to list all spells.
Aiming: Pain (safe; 2% risk of failure)
Press: ? - help, Shift-Dir - straight line, f/p - adder
Aim: an adder (heavily wounded, chance to affect: 85%)
The adder writhes in agony.
* * * LOW HITPOINT WARNING * * *
You feel sick. The adder bites you.
You die...

.......#.......#
.##.#..#.......#
.......#.......#
.##............#
###.##.......#
#.##.......#
..##†.....>###
#####.........# #
#...###.#@####...# #<..#
#..†S...[...
........................
....##....##............
.. #....##..#.####>..#
#..#.......# ..#
....#.#..### .#
.###.#.#.. # . ...


You could see an adder.

Vanquished Creatures
  3 adders (D:2)
  2 dart slugs (D:1)
  3 ball pythons (D:1)
  3 bats
  3 goblins (D:1)
  3 hobgoblins (D:1)
  A quokka (D:1)
  A frilled lizard (D:1)
  3 kobolds
  A rat (D:1)
23 creatures vanquished.

Notes
Turn   | Place    | Note
-------+----------+-------------------------------------------
     0 | D:1      | YayAnonymity the Demonspawn Necromancer began the quest for
                  | the Orb.
     0 | D:1      | Reached XP level 1. HP: 13/13 MP: 3/3
    21 | D:1      | Found a faded altar of an unknown god.
   104 | D:1      | Learned a level 1 spell: Animate Skeleton
   397 | D:1      | Gained mutation: A meltable shield of frost defends you.
                  | (SH +4) [demonic ancestry]
   397 | D:1      | Reached XP level 2. HP: 17/19 MP: 1/5
  1193 | D:2      | Reached skill level 5 in Necromancy
  1193 | D:2      | Reached XP level 3. HP: 20/24 MP: 1/7
  1372 | D:2      | Slain by an adder

Illustrated notes

Levels and vault maps discovered:
D:1:      evilmike_arrival_crescent, layout_loops_cross,
          hellmonk_ecumenical_altar_lost_god
D:2:      minmay_wonky_spiral, layout_loops_cross, minmay_strange_pillars

Skill      XL: |  1  2  3 |
---------------+----------+-----
Necromancy     | 5 |  5.2
Spellcasting   | 3 |  3.0
Dodging        | |  1.7
Stealth        | |  1.7

Action                   || total
-------------------------++-------
Melee: War axe           ||     5
 Cast: Pain              ||    49
       Animate Skeleton  ||     2
Armor: Leather armour    ||     3
Dodge: Dodged            ||    11
Block: Other             ||     3

Table legend: (Time is in decaauts)
 A = Elapsed time spent in this place.
 B = Non-inter-level travel time spent in this place.
 C = Inter-level travel time spent in this place.
 D = Time resting spent in this place.
 E = Time spent auto-exploring this place.
 F = Levels seen in this place.
 G = Mean time per level.
                   A        B        C        D        E       F      G
               +--------+--------+--------+--------+--------+-----+--------+
         Total |   1374 |   1345 |     29 |      0 |   1174 |   2 |  687.0 |
       Dungeon |   1374 |   1345 |     29 |      0 |   1174 |   2 |  687.0 |
               +--------+--------+--------+--------+--------+-----+--------+

Top non-repeatable levels by time:
     D:1: 1193 daAuts
     D:2: 181 daAuts
